 Dungeon Crawl Stone Soup version 0.31-a0-188-g5e087ee2ca (webtiles) character file.

Game seed: 9637821936841410328

711 qw the Skirmisher (level 7, -3/41 HPs)
             Began as a Deep Elf Hunter on June 23, 2023.
             Was an Initiate of Okawaru.
             Slain by a gnoll sergeant
             ... wielding a +1 vampiric trident
              (4 damage)
             ... on level 5 of the Dungeon.
             The game lasted 00:01:31 (4457 turns).

qw the Skirmisher (Deep Elf Hunter)                 Turns: 4457, Time: 00:01:31

Health: -3/41      AC: 13    Str: 16    XL:     7   Next: 40%
Magic:  9/9        EV: 10    Int: 14    God:    Okawaru [......]
Gold:   215        SH:  0    Dex: 18    Spells: 6/6 levels left

rFire   . . .        Y - +0 shortbow (drain)
rCold   . . .        (shield currently unavailable)
rNeg    . . .        a - +3 scale mail {rPois}
rPois   +            g - +2 hat
rElec   .            (no cloak)
rCorr   +            j - +0 pair of gloves
SInv    .            u - +0 pair of boots
Will    .....        (no amulet)
Stlth   +            l - +6 ring of strength
HPRegen 0.26/turn    k - ring of resist corrosion
MPRegen 0.11/turn

%: no passive effects
@: no status effects
A: no striking features
a: Renounce Religion


You were on level 5 of the Dungeon.
You worshipped Okawaru.
Okawaru was noncommittal.
You visited 2 branches of the dungeon, and saw 6 of its levels.

You collected 215 gold pieces.


   Skills:
 - Level 3.3 Fighting
 + Level 10.5 Ranged Weapons
 - Level 1.1 Armour
 - Level 3.0 Dodging
 - Level 1.2 Stealth


You had 6 spell levels left.
You didn't know any spells.
Your spell library was empty.

Inventory:

Hand Weapons
 Y - a +0 shortbow of draining (weapon)
Armour
 a - a +3 scale mail of poison resistance (worn)
 c - the +2 ring mail "Muadarphi" {rC- Int+5 Dex+7}
   (You found it on level 4 of the Dungeon)

   Int:       It affects your intelligence (+5).
   Dex:       It affects your dexterity (+7).
   rC:        It makes you vulnerable to cold.
 g - a +2 hat (worn)
 j - a +0 pair of gloves (worn)
 u - a +0 pair of boots (worn)
Jewellery
 h - a ring of positive energy
 k - a ring of resist corrosion (right hand)
 l - a +6 ring of strength (left hand)
 p - a ring of wizardry
Scrolls
 o - a scroll of identify
Potions
 b - a potion of lignification {unknown}
 d - 3 potions of brilliance {unknown}
 e - 3 potions of enlightenment
 f - a potion of degeneration {unknown}
 i - a potion of might {unknown}
 m - a potion of curing {unknown}
 n - a potion of mutation {unknown}
 r - a potion of heal wounds {unknown}
 v - a potion of berserk rage {unknown}

Dungeon Overview and Level Annotations

Branches:
Dungeon (5/15)             Temple (1/1) D:4

Altars:
Ashenzari
Cheibriados
Dithmenos
Elyvilon
Fedhas
Gozag
Kikubaaqudgha
Makhleb
Nemelex Xobeh
Okawaru
Qazlal
Ru
Sif Muna
Uskayaw
Vehumet
Xom
Yredelemnul


Message History

Okawaru accepts your kill. The gnoll sergeant misses you.
The gnoll closely misses you.
You shoot an arrow. The arrow hits the gnoll sergeant.
You drain the gnoll sergeant.
The gnoll sergeant is moderately wounded.
The gnoll sergeant hits you from afar with a +1 vampiric trident.
The gnoll sergeant draws strength from your wounds!
The gnoll hits you but does no damage.
You shoot an arrow.
The arrow hits the gnoll sergeant but does no damage.
The gnoll sergeant is lightly wounded.
The gnoll sergeant hits you but does no damage.
The gnoll barely misses you.
The gnoll sergeant hits you from afar with a +1 vampiric trident.
The gnoll sergeant draws strength from your wounds!
The gnoll completely misses you.
You shoot an arrow.
The arrow closely misses the gnoll sergeant.
The gnoll sergeant barely misses you. The gnoll misses you.
You shoot an arrow. The arrow hits the orc.
You drain the orc.
The orc is severely wounded.
The gnoll sergeant barely misses you. The orc hits you but does no damage.
The gnoll closely misses you.
You shoot an arrow. The arrow hits the orc.
You kill the orc!
Okawaru accepts your kill.
The gnoll hits you from afar with a +0 halberd.
The gnoll sergeant closely misses you. The orc wizard casts a spell at you.
The puff of flame hits you!
You shoot an arrow. The arrow hits the orc wizard.
You drain the orc wizard.
The orc wizard is heavily wounded.
The gnoll sergeant hits you from afar with a +1 vampiric trident.
The gnoll closely misses you.
You shoot an arrow. The arrow hits the orc wizard!
You drain the orc wizard.
You kill the orc wizard!
Okawaru accepts your kill. The gnoll closely misses you.
The gnoll sergeant hits you from afar with a +1 vampiric trident.
You die...

#..... .............#
#..... .............
#..... ............
#..... ...........
#..... .......o.) #.....
......)gg #.....
.......)# #.....
.......@# #######.....
........# #......##+##
........# #......#....
........#####......#....
..............?....#....
...................#####
........................
........................
######+#................


You could see a gnoll sergeant (very drained), a gnoll and an orc.

Vanquished Creatures
  Sigmund (D:3)
  A phantom (D:5)
  A scorpion (D:4)
  2 orc priests
  A jelly (D:4)
  Terence (D:2)
  2 orc wizards
  Natasha (thrice) (D:2)
  Robin (D:3)
  5 adders
  3 gnolls (D:5)
  An ufetubus (D:4)
  A worm (D:2)
  3 dart slugs
  8 orcs
  5 ball pythons
  5 endoplasms
  A giant cockroach (D:1)
  18 goblins
  14 hobgoblins
  5 jackals
  3 quokkas
  8 bats
  A frilled lizard (D:2)
  9 kobolds
  6 rats
109 creatures vanquished.

Notes
Turn   | Place    | Note
-------+----------+-------------------------------------------
     0 | D:1      | qw the Deep Elf Hunter began the quest for the Orb.
     0 | D:1      | Reached XP level 1. HP: 12/12 MP: 3/3
     0 | D:1      | 0 ||| qw: Version: 0.3-a-9-g12657ce
     0 | D:1      | 0 ||| qw: Game counter: 3594
     0 | D:1      | 0 ||| qw: Always use a shield: true
     0 | D:1      | 0 ||| qw: God list: Okawaru
     0 | D:1      | 0 ||| qw: Allow faded altars: false
     0 | D:1      | 0 ||| qw: Do Orc after D:15 true
     0 | D:1      | 0 ||| qw: Do second Lair branch before Depths: true
     0 | D:1      | 0 ||| qw: Lair rune preference: random
     0 | D:1      | 0 ||| qw: Plans: Normal
     0 | D:1      | 0 ||| PLANNING D:1-11
   197 | D:1      | Reached skill level 6 in Ranged Weapons
   197 | D:1      | Reached XP level 2. HP: 16/16 MP: 4/4
   603 | D:1      | 603 ||| Stepping ~*~*~tactically~*~*~ (water).
   838 | D:1      | 838 ||| READING 2 scrolls labelled NEREACAUPSE.
   839 | D:1      | 839 ||| READING scroll labelled CIKOES KEBBA.
   840 | D:1      | 840 ||| DRINKING 3 pink potions.
   841 | D:1      | 841 ||| DROPPING scroll of amnesia.
   842 | D:1      | 842 ||| DROPPING scroll of butterflies.
   928 | D:2      | Noticed Terence
   936 | D:2      | Killed Terence
   937 | D:2      | Reached skill level 7 in Ranged Weapons
   937 | D:2      | Reached XP level 3. HP: 17/20 MP: 5/5
  1202 | D:2      | 1202 ||| FLEEEEING.
  1224 | D:2      | Reached XP level 4. HP: 25/25 MP: 6/6
  1336 | D:2      | Noticed Natasha
  1345 | D:2      | Killed Natasha
  1451 | D:2      | Reached skill level 8 in Ranged Weapons
  1557 | D:2      | Noticed Natasha
  1560 | D:2      | Killed Natasha
  1601 | D:2      | Noticed Natasha
  1605 | D:2      | Killed Natasha
  1606 | D:2      | Reached XP level 5. HP: 29/29 MP: 7/7
  1766 | D:2      | 1766 ||| UPGRADING to +3 scale mail of poison resistance.
  1776 | D:2      | 1776 ||| DROPPING +0 leather armour.
  1777 | D:2      | 1777 ||| READING scroll labelled ZOW ULUOPSI.
  2014 | D:3      | Noticed Robin
  2017 | D:3      | 2017 ||| Stepping ~*~*~tactically~*~*~ (outnumbered).
  2025 | D:3      | 2025 ||| Stepping ~*~*~tactically~*~*~ (outnumbered).
  2033 | D:3      | Killed Robin
  2034 | D:3      | Reached skill level 9 in Ranged Weapons
  2214 | D:3      | Found a snail-covered altar of Cheibriados.
  2283 | D:3      | Noticed Sigmund
  2287 | D:3      | Killed Sigmund
  2288 | D:3      | Reached skill level 3 in Fighting
  2288 | D:3      | Reached XP level 6. HP: 28/37 MP: 8/8
  2577 | D:3      | Found a faded altar of an unknown god.
  2745 | D:3      | 2745 ||| UPGRADING to +2 hat.
  2750 | D:3      | 2750 ||| UPGRADING to ring of resist corrosion.
  2751 | D:3      | 2751 ||| UPGRADING to ring of positive energy.
  2752 | D:3      | 2752 ||| UPGRADING to +6 ring of strength.
  2754 | D:3      | 2754 ||| UPGRADING to ring of resist corrosion.
  2756 | D:3      | 2756 ||| READING scroll labelled HUM COUNNYS.
  2757 | D:3      | 2757 ||| READING scroll labelled KUCA TI XAID.
  2897 | D:4      | Found a staircase to the Ecumenical Temple.
  2898 | D:4      | 2898 ||| PLANNING TEMPLE
  2908 | Temple   | Entered the Ecumenical Temple
  2958 | Temple   | 2958 ||| PLANNING OKAWARU WORSHIP
  3124 | Temple   | Became a worshipper of Warmaster Okawaru
  3125 | Temple   | 3125 ||| PLANNING D:1-11
  3141 | D:4      | Identified the +2 ring mail "Muadarphi" {rC- Int+5 Dex+7}
  3431 | D:4      | Identified the +4 scale mail "Dailon" {Str+3 Dex+2}
  3441 | D:4      | Found a shadowy altar of Dithmenos.
  3630 | D:4      | Reached skill level 10 in Ranged Weapons
  3630 | D:4      | Reached XP level 7. HP: 40/41 MP: 9/9
  3750 | D:4      | Reached skill level 3 in Dodging
  3957 | D:4      | 3957 ||| UPGRADING to +0 pair of gloves.
  3962 | D:4      | 3962 ||| DROPPING +4 scale mail "Dailon" {Str+3 Dex+2}.
  3963 | D:4      | 3963 ||| UPGRADING to +0 pair of boots.
  3968 | D:4      | 3968 ||| READING 2 scrolls labelled BENUEH CIMYKH.
  3969 | D:4      | 3969 ||| READING scroll labelled BENLELLOSYO.
  3970 | D:4      | 3970 ||| READING scroll labelled XEWNIQUNKUP.
  3971 | D:4      | 3971 ||| DRINKING 2 smoky coppery potions.
  3972 | D:4      | 3972 ||| DROPPING potion of attraction.
  3995 | D:5      | Entered Level 5 of the Dungeon
  4039 | D:5      | Reached skill level 1 in Armour
  4248 | D:5      | Found a radiant altar of Vehumet.
  4455 | D:5      | HP: 8/41 [gnoll/+0 halberd[a gnoll sergeant] (4)]
  4455 | D:5      | HP: 1/41 [orc wizard/puff of flame (7)]
  4457 | D:5      | Slain by a gnoll sergeant

Levels and vault maps discovered:
D:1:      dpeg_arrival_subterranean_lakeside_camping, layout_basic, hex_medium,
          chequers_serial_rivers_marsh, serial_bayou_pond_c
D:2:      layout_loops_corners, grunt_ministairs_11, uniq_terence, uniq_natasha
D:3:      layout_basic, chei_slow_surprise, ebering_ecumenical_altar_webs,
          uniq_sigmund, uniq_robin
D:4:      layout_loops_corners, mainiacjoe_overflow_six_doors_small,
          minmay_temple_entry_waves
D:5:      layout_gridville, kennysheep_mini_moat, minivault_27,
          minmay_chambers_of_fives, uniq_eustachio
Temple:   eino_temple_water

Skill      XL: |  1  2  3  4  5  6  7 |
---------------+----------------------+-----
Ranged Weapons | 6 7 8 9 10 | 10.5
Fighting       | 3 |  3.3
Dodging        | 3 |  3.0
Armour         | 1 |  1.1
Stealth        | |  1.2

Action                     |  1- 3 |  4- 6 |  7- 9 || total
---------------------------+-------+-------+-------++-------
   Fire: Shortbow          |    94 |   150 |    70 ||   314
    Use: Scroll            |     2 |     3 |     3 ||     8
         Potion            |     1 |       |     1 ||     2
 Armour: Leather armour    |     5 |       |       ||     5
         Scale mail        |       |    45 |    14 ||    59
  Dodge: Dodged            |    30 |    42 |    30 ||   102

Table legend:
 A = Non-vault XP
 B = Vault XP
 C = Vault XP percentage of total XP
 D = Non-vault monster count
 E = Vault monster count
 F = Vault count percentage of total count
                 A         B        C        D         E       F
            +---------+---------+-------+---------+---------+-------
      Total |     714 |     337 |  32.1 |      85 |      24 |  22.0
            +---------+---------+-------+---------+---------+-------
        D:1 |      30 |       8 |  21.1 |      17 |       6 |  26.1
        D:2 |     115 |      76 |  39.8 |      18 |       4 |  18.2
        D:3 |      63 |     253 |  80.1 |      18 |      14 |  43.8
        D:4 |     258 |       0 |   0.0 |      20 |       0 |   0.0
        D:5 |     248 |       0 |   0.0 |      12 |       0 |   0.0
            +---------+---------+-------+---------+---------+-------
